 Dungeon Crawl Stone Soup version 0.26-a0-737-g4e9f4955e2 (webtiles) character file.

Game seed: 7297293835933138862

5 Gargoyl the Skirmisher (level 1, -20/23 HPs)
             Began as a Gnoll Abyssal Knight on Nov 4, 2020.
             Was a Follower of Lugonu.
             Demolished by an ice dragon (23 damage)
             ... on level 3 of the Abyss.
             The game lasted 00:00:32 (346 turns).

Gargoyl the Skirmisher (Gnoll Abyssal Knight)        Turns: 346, Time: 00:00:32

Health: -20/23     AC:  3    Str: 14    XL:     1   Next: 80%
Magic:  3/3        EV: 12    Int: 14    God:    Lugonu [*.....]
Gold:   0          SH:  0    Dex: 14    Spells: 0/0 levels left

rFire    . . .     SeeInvis .   a - +1 hand axe
rCold    . . .     Faith    .   (no shield)
rNeg     . . .     Spirit   .   b - +0 leather armour
rPois    .         Reflect  .   (no helmet)
rElec    .         Harm     .   (no cloak)
rCorr    .         Rampage  .   (no gloves)
MR       .....                  (no boots)
Stlth    +.........             (no amulet)
HPRegen  0.07/turn              (no ring)
MPRegen  0.08/turn              (no ring)

@: no status effects
A: distributed training, fangs 1, strong nose
a: Depart the Abyss, Renounce Religion


You were on level 3 of the Abyss.
You worshipped Lugonu.
Lugonu was aware of your devotion.
You visited 0 branches of the dungeon, and saw 0 of its levels.
You visited the Abyss 1 time.

Inventory:

Hand Weapons
 a - a +1 hand axe (weapon)
Armour
 b - a +0 leather armour (worn)


   Skills:
 + Level 6.4 Fighting
 + Level 0.1 Short Blades
 + Level 0.1 Long Blades
 + Level 4.4 Axes
 + Level 0.1 Maces & Flails
 + Level 0.1 Polearms
 + Level 0.1 Staves
 + Level 0.1 Slings
 + Level 0.1 Bows
 + Level 0.1 Crossbows
 + Level 0.1 Throwing
 + Level 4.4 Armour
 + Level 2.4 Dodging
 + Level 0.1 Stealth
 + Level 0.1 Shields
 + Level 0.1 Unarmed Combat
 + Level 0.1 Spellcasting
 + Level 0.1 Conjurations
 + Level 0.1 Hexes
 + Level 0.1 Summonings
 + Level 0.1 Necromancy
 + Level 0.1 Translocations
 + Level 0.1 Transmutations
 + Level 0.1 Fire Magic
 + Level 0.1 Ice Magic
 + Level 0.1 Air Magic
 + Level 0.1 Earth Magic
 + Level 0.1 Poison Magic
 + Level 4.4 Invocations
 + Level 0.1 Evocations


You couldn't memorise any spells.
You didn't know any spells.
Your spell library was empty.

Dungeon Overview and Level Annotations

Branches:
Dungeon (0/15)

Altars:


Innate Abilities, Weirdness & Mutations

Your experience applies equally to all skills.
You have very sharp teeth.
Your uncanny sense of smell can sniff out nearby items.


Message History

You hear an angry buzzing noise.
You hear a deafening roar! x2
You hear two shouts!
You hear a chilling moan.
You hear a deafening roar!
You hear a hideous shriek!
You hear two shouts!
You hear a trumpeting!
You hear a deafening roar!
You hear a trumpeting!
You hear a shout!
You hear a shout!
You hear a deafening roar! x2
You hear a chilling moan.
You hear a deafening roar!
An ice dragon comes into view.
The ice dragon roars deafeningly!
You hear a shout!
You hear an angry squeal.
You hear a shout!
You hear an angry buzzing noise.
The ice dragon breathes frost at you. The blast of cold hits you!!
Ouch! That really hurt!
* * * LOW HITPOINT WARNING * * *
The ice dragon completely misses you. The ice dragon claws you.
* * * LOW HITPOINT WARNING * * *
The ice dragon tramples you!!
Ouch! That really hurt!
You die...

##. . ###
###....)#. #
##.#. #.##
##..#D#.# .# #
#.##... #
##....##.######
#...#.#.#...#.#
# ####..###.D##
# # ###@# ### ∆


You could see an ice dragon (fast, strong, agile, catching breath).

Vanquished Creatures
  An ufetubus (Abyss:1)
1 creature vanquished.

Vanquished Creatures (others)
  A fire bat (Abyss:3)
  A starspawn tentacle (Abyss:3)
2 creatures vanquished.

Grand Total: 3 creatures vanquished

Notes
Turn   | Place    | Note
-------+----------+-------------------------------------------
     0 | Abyss:1  | Gargoyl the Gnoll Abyssal Knight began the quest for the
                  | Orb.
     0 | Abyss:1  | Reached XP level 1. HP: 23/23 MP: 3/3
    23 | Abyss:1  | Found a corrupted altar of Lugonu.
    86 | Abyss:1  | Noticed a smoke demon
   136 | Abyss:2  | Noticed an apocalypse crab
   151 | Abyss:3  | Noticed a great orb of eyes
   159 | Abyss:3  | Paralysed by a great orb of eyes for 5 turns
   162 | Abyss:3  | Noticed a tentacled starspawn
   181 | Abyss:3  | Killed a fire bat
   341 | Abyss:3  | Noticed an ice dragon
   346 | Abyss:3  | Demolished by an ice dragon

Illustrated notes

Levels and vault maps discovered:
Abyss:3:  base: Temple, guppyfry_abyss_exit_glass_guarded,
          due_evilmike_abyss_rune_seething_liches

Action                   || total
-------------------------++-------
Melee: Hand axe          ||     4
       Bite              ||     1
  Use: Scroll            ||     2
Dodge: Dodged            ||     9

Table legend: (Time is in decaauts)
 A = Elapsed time spent in this place.
 B = Non-inter-level travel time spent in this place.
 C = Inter-level travel time spent in this place.
 D = Time resting spent in this place.
 E = Time spent auto-exploring this place.
 F = Levels seen in this place.
 G = Mean time per level.
                   A        B        C        D        E       F      G
               +--------+--------+--------+--------+--------+-----+--------+
         Total |    345 |    345 |      0 |      0 |    293 |   3 |  115.0 |
         Abyss |    345 |    345 |      0 |      0 |    293 |   3 |  115.0 |
               +--------+--------+--------+--------+--------+-----+--------+

Top non-repeatable levels by time:
 Abyss:3: 198 daAuts
 Abyss:1: 90 daAuts
 Abyss:2: 56 daAuts
